 Dungeon Crawl Stone Soup version 0.21-a0-84-g85d6d27 (webtiles) character file.

417 Lianjan the Cleaver (level 6, 0/51 HPs)
             Began as a Hill Orc Fighter on June 27, 2017.
             Was a Follower of Makhleb.
             Slain by Duvessa
             ... wielding a +1 rapier of protection
              (7 damage)
             ... on level 3 of the Dungeon.
             The game lasted 00:12:27 (4067 turns).

Lianjan the Cleaver (Hill Orc Fighter)              Turns: 4067, Time: 00:12:27

Health: 0/51       AC:  9    Str: 21    XL:     6   Next: 92%
Magic:  6/6        EV:  7    Int:  8    God:    Makhleb [*.....]
Gold:   141        SH:  0    Dex: 10    Spells: 5/5 levels left

rFire    . . .     SeeInvis .   a - +0 war axe
rCold    . . .     Gourm    .   (no shield)
rNeg     . . .     Faith    .   r - +0 chain mail
rPois    .         Spirit   .   (no helmet)
rElec    .         Reflect  .   (no cloak)
rCorr    .         Harm     .   (no gloves)
MR       .....                  (no boots)
Stlth    ..........             (no amulet)
HPRegen  0.17/turn              (no ring)
MPRegen  0.10/turn              (no ring)

@: flying, glowing
A: no striking features
a: Renounce Religion


You were on level 3 of the Dungeon.
You worshipped Makhleb.
Makhleb was aware of your devotion.
You were not hungry.

You visited 1 branch of the dungeon, and saw 4 of its levels.

You collected 141 gold pieces.

Inventory:

Hand Weapons
 a - a +0 war axe (weapon)
 b - a +0 blowgun
Missiles
 x - 12 poisoned needles
Armour
 c - a +0 shield
 l - a +0 ring mail
 r - a +0 chain mail (worn)
 w - a +1 scale mail
Jewellery
 j - a +3 ring of strength {unknown}
 n - an uncursed ring of magical power {unknown}
Scrolls
 e - 6 scrolls of identify
 g - a scroll of blinking {unknown}
 q - 2 scrolls of remove curse
 t - 2 scrolls of teleportation {unknown}
 v - a scroll of enchant armour
 y - 2 scrolls of fear {unknown}
 B - a scroll of random uselessness {unknown}
Potions
 o - a potion of flight
 p - 2 potions of lignification {unknown}
 s - 3 potions of curing {unknown}
 z - a potion of agility {unknown}
 A - a potion of experience {unknown}
Books
 d - a book of Cantrips

   Spells                             Type                      Level
   a - Confusing Touch                Hexes                        1
   b - Animate Skeleton               Necromancy                   1
   c - Summon Small Mammal            Summoning                    1
   d - Apportation                    Translocation                1
 m - a book of Changes

   Spells                             Type                      Level
   a - Beastly Appendage              Transmutation                1
   b - Sticks to Snakes               Transmutation                2
   c - Spider Form                    Transmutation/Poison         3
   d - Ice Form                       Ice/Transmutation            4
   e - Blade Hands                    Transmutation                5
Comestibles
 f - 4 bread rations
 i - 3 meat rations
 k - 6 fruits
 C - a royal jelly


   Skills:
 - Level 3.6 Fighting
 + Level 9.4 Axes
 - Level 3.2 Armour
 - Level 3.2 Shields


You had 5 spell levels left.
You didn't know any spells.

Dungeon Overview and Level Annotations

Branches:
Dungeon (4/15)
 Temple: D:4-7

Altars:
Makhleb
Uskayaw
Zin

Annotations:
D:3 Dowan, Duvessa


Message History

Dowan hits you but does no damage.
You hit Duvessa.
Duvessa is lightly wounded.
Your chain mail prevents you from hitting Dowan.
Duvessa hits you with a rapier of protection.
* * * LOW HITPOINT WARNING * * *
Dowan hits you but does no damage.
You barely miss Duvessa.
Duvessa is lightly wounded.
You hit Dowan.
Duvessa hits you with a rapier of protection.
* * * LOW HITPOINT WARNING * * *
Dowan points at you and mumbles some strange words.
The puff of flame hits you!
* * * LOW HITPOINT WARNING * * *
It was a potion of flight.
You feel very buoyant.
You fly up into the air.
Duvessa hits you with a rapier of protection!
You die...

.....##.### #........# #.#.#.#
.....##.# #..#.#######.#.#.####
#######'######.#.........#.#.#...
#......##.#.#########.#.#.##
#......##.#...........#<#.#
#......##.#.#############.#
#...........####..........#
#..........e..##.###########
#....).....@..'.............
#..........e..##.###########
######........##.# #........
#........##.# #.#######
###########.# #.# #.# #.# #.# #.#
#.# #.# #.###.#


You could see Duvessa and Dowan.

Vanquished Creatures
  A phantom (D:4)
  An ogre (D:3)
  A howler monkey (D:4)
  8 gnolls
  A howler monkey skeleton (D:4)
  5 adders
  An ooze (D:1)
  A worm (D:3)
  2 dart slugs
  6 leopard geckos
  4 orcs (D:3)
  A giant cockroach (D:1)
  6 goblins
  6 hobgoblins
  8 bats
  3 frilled lizards
  5 kobolds
  8 rats
68 creatures vanquished.

Notes
Turn   | Place    | Note
-------+----------+-------------------------------------------
     0 | D:1      | Lianjan the Hill Orc Fighter began the quest for the Orb.
     0 | D:1      | Reached XP level 1. HP: 19/19 MP: 1/1
    44 | D:1      | Reached skill level 3 in Axes
   273 | D:1      | Reached XP level 2. HP: 26/26 MP: 2/2
   376 | D:1      | Reached skill level 4 in Axes
   690 | D:2      | Found a burning altar of Makhleb.
   694 | D:2      | Found a glowing silver altar of Zin.
   694 | D:2      | Noticed an Executioner
   694 | D:2      | Noticed an angel
   697 | D:2      | Became a worshipper of Makhleb the Destroyer
   705 | D:2      | Reached XP level 3. HP: 28/31 MP: 3/3
   866 | D:2      | Reached skill level 5 in Axes
   900 | D:2      | HP: 1/31 [gnoll/club (3)]
  1210 | D:2      | Reached XP level 4. HP: 10/39 MP: 4/4
  1460 | D:2      | Reached skill level 6 in Axes
  2338 | D:3      | Reached XP level 5. HP: 36/45 MP: 5/5
  2424 | D:3      | Found a hide-covered altar of Uskayaw.
  2477 | D:3      | Reached * piety under Makhleb
  2883 | D:3      | Reached skill level 7 in Axes
  2938 | D:4      | Noticed an ogre
  2948 | D:3      | Killed an ogre
  2948 | D:3      | Reached skill level 8 in Axes
  2948 | D:3      | Reached XP level 6. HP: 18/51 MP: 6/6
  3371 | D:4      | Noticed a phantom
  3401 | D:4      | Killed a phantom
  3401 | D:4      | Reached skill level 9 in Axes
  4050 | D:4      | Noticed Duvessa
  4053 | D:4      | Noticed Dowan
  4067 | D:3      | Slain by Duvessa

Vault maps used:
D:1:      eino_arrival_water_cross
D:2:      grunt_temple_overflow_order_and_chaos_2, first_bread
D:3:      eat_drink_and_be_merry_uskayaw
D:4:      uniq_duvessa, uniq_menkaure

Skill      XL: |  1  2  3  4  5  6 |
---------------+-------------------+-----
Axes           | 3 4 5 6 8 9 |  9.4
Fighting       | |  3.6
Armour         | |  3.2
Shields        | |  3.2

Action                   |  1- 3 |  4- 6 || total
-------------------------+-------+-------++-------
Melee: War axe           |    76 |   177 ||   253
 Fire: Blowgun           |       |     2 ||     2
  Use: Potion            |     2 |     4 ||     6
       Scroll            |       |     4 ||     4
  Eat: Chunk             |       |    10 ||    10
Armor: Scale mail        |    55 |    33 ||    88
       Chain mail        |       |    68 ||    68
Dodge: Dodged            |    47 |    67 ||   114
Block: Shield            |     1 |       ||     1
